 Dungeon Sprint DCSS version 0.30-a0-1016-gfb0d676c02 (webtiles) character file.

Game seed: 1816607211693674162

9272 GloriousHammer the Warrior (level 11, -1/114 HPs)
             Began as a Minotaur Berserker on Apr 6, 2023.
             Was the Champion of Trog.
             Slain by a 12-headed hydra (2 damage)
             ... in the Dungeon (Sprint I: "Red Sonja").
             The game lasted 00:17:02 (3513 turns).

GloriousHammer the Warrior (Minotaur Berserker)     Turns: 3513, Time: 00:17:03

Health: -1/114     AC: 28    Str: 36    XL:     11   Next: 20%
Magic:  10/10      EV: 17    Int:  6    God:    Trog [******]
Gold:   519        SH:  0    Dex: 23    Spells: 10/10 levels left

rFire   . . .      SeeInvis .    s - +6 morningstar (holy)
rCold   . . .      Faith    .    (no shield)
rNeg    . . .      Spirit   .    q - +2 crystal plate armour of the Raven {-Tele Str+3 Int+2 Dex+8}
rPois   .          Reflect  .    (helmet restricted)
rElec   .          Rampage  .    (no cloak)
rCorr   .          NoTele   +    (no gloves)
Will    .....                    n - +1 pair of boots {Fly} Stlth
                                 (no amulet)
HPRegen 0.39/turn                D - +6 ring of dexterity
MPRegen 0.12/turn                S - +6 ring of strength

@: flying
A: horns 2, retaliatory headbutt
a: Renounce Religion, Berserk, Trog's Hand, Brothers in Arms


You were in the Dungeon.
You worshipped Trog.
Trog was exalted by your worship.
You visited 1 branch You collected 2162 gold pieces.
You spent 1643 gold pieces at shops.

Inventory:

Hand Weapons
 s - a +6 morningstar of holy wrath (weapon)
Missiles
 l - 2 curare-tipped darts (quivered)
Armour
 n - a +1 pair of boots of flying (worn)
 q - the +2 crystal plate armour of the Raven (worn) {-Tele Str+3 Int+2 Dex+8}
   (You acquired it in the Dungeon)

   Str:       It affects your strength (+3).
   Int:       It affects your intelligence (+2).
   Dex:       It affects your dexterity (+8).
   -Tele:     It prevents most forms of teleportation.
Jewellery
 D - a +6 ring of dexterity (left hand)
 S - a +6 ring of strength (right hand)
Wands
 i - a wand of roots (14)
Scrolls
 a - a scroll of summoning
 b - 2 scrolls of silence
 h - 2 scrolls of blinking
 r - a scroll of fog
Potions
 c - 3 potions of curing
 d - 2 potions of heal wounds
 e - a potion of haste
 f - 2 potions of magic
 g - a potion of berserk rage
 j - a potion of mutation
 k - a potion of lignification


   Skills:
 + Level 15.7 Fighting
 - Level 14.0 Maces & Flails
 + Level 15.5 Armour
 + Level 14.2 Dodging
 + Level 11.6 Evocations


You had 10 spell levels left.
You didn't know any spells.
Your spell library was empty.

Dungeon Overview and Level Annotations

Branches:
Dungeon (1/1)

Altars:
Cheibriados
Dithmenos
Elyvilon
Fedhas
Gozag
Hepliaklqana
Kikubaaqudgha
Makhleb
Nemelex Xobeh
Okawaru
Qazlal
Ru
Sif Muna
Trog
Uskayaw
Vehumet
Wu Jian
Xom
Yredelemnul
Zin
The Shining One
Jiyva
Lugonu

Shops:
D (!:(?:(*(*?[:=([(


Innate Abilities, Weirdness & Mutations

You have a pair of horns on your head.
You reflexively headbutt those who attack you in melee.


Message History

The hog bites you but does no damage.
You puncture the hog!
You kill the hog!
Trog accepts your kill.
You barely miss the hog. The hog bites you but does no damage.
You hit the hog.
The hog is lightly wounded.
The hog closely misses you. You furiously retaliate!
You headbutt the hog!! You bludgeon the hog!!
You kill the hog!
Trog accepts your kill.
You impale the hog!!
The hog is almost dead.
The hog completely misses you. You furiously retaliate!
You headbutt the hog, but do no damage. You hit the hog.
You kill the hog!
Trog accepts your kill.
You sock the hog! You headbutt the hog.
The hog is heavily wounded.
The hog barely misses you. You furiously retaliate!
You headbutt the hog!!
You kill the hog!
Trog accepts your kill.
There is an open door, spattered with blood here.
Items here: ††††††.
You reach down and open the door.
A 12-headed hydra and a floating eye come into view.
The 12-headed hydra roars!
The floating eye turns its gaze towards you.
Found 54 gold pieces.
You puncture the 12-headed hydra! You punch the 12-headed hydra.
The 12-headed hydra is moderately wounded.
The floating eye seems to glare at you.
The 12-headed hydra bites you but does no damage. x3
The 12-headed hydra barely misses you. The 12-headed hydra misses you.
The 12-headed hydra bites you but does no damage.
The 12-headed hydra closely misses you. x2
The 12-headed hydra completely misses you.
The 12-headed hydra bites you but does no damage.
The 12-headed hydra bites you.
The 12-headed hydra bites you but does no damage.
You hit the 12-headed hydra.
Your headbutt misses the 12-headed hydra.
The 12-headed hydra is moderately wounded.
The floating eye gazes piercingly through you!
You suddenly lose the ability to move!
The 12-headed hydra bites you but does no damage.
The 12-headed hydra bites you! The 12-headed hydra bites you.
The 12-headed hydra bites you but does no damage. x2
The 12-headed hydra bites you.
The 12-headed hydra bites you but does no damage. x2
The 12-headed hydra bites you. x2
The 12-headed hydra bites you but does no damage.
The 12-headed hydra bites you! The 12-headed hydra bites you.
The 12-headed hydra bites you but does no damage. x2
The 12-headed hydra completely misses you.
The 12-headed hydra barely misses you. x2
The 12-headed hydra bites you but does no damage. x2
The 12-headed hydra bites you. x2
The 12-headed hydra bites you but does no damage. x2
The 12-headed hydra bites you but does no damage. x2
The 12-headed hydra bites you.
The 12-headed hydra bites you but does no damage.
The 12-headed hydra bites you!
The 12-headed hydra bites you but does no damage. x4
The 12-headed hydra bites you. The 12-headed hydra bites you!
The 12-headed hydra bites you but does no damage.
The 12-headed hydra bites you but does no damage.
The 12-headed hydra bites you. The 12-headed hydra bites you!
* * * LOW HITPOINT WARNING * * *
The 12-headed hydra bites you!
* * * LOW HITPOINT WARNING * * *
The 12-headed hydra bites you but does no damage.
The 12-headed hydra barely misses you. x2
The 12-headed hydra bites you but does no damage. x5
You can move again.
Okay, then.
As you read the scroll of fear, it crumbles to dust.
You assume a fearsome visage.
The 12-headed hydra easily resists.
The floating eye looks frightened!
The 12-headed hydra completely misses you.
The 12-headed hydra bites you but does no damage. x2
The 12-headed hydra completely misses you. x2
The 12-headed hydra bites you!
* * * LOW HITPOINT WARNING * * *
The 12-headed hydra bites you but does no damage. x2
The 12-headed hydra bites you.
* * * LOW HITPOINT WARNING * * *
The 12-headed hydra bites you but does no damage.
The 12-headed hydra bites you!
* * * LOW HITPOINT WARNING * * *
The 12-headed hydra barely misses you.
Okay, then.
Okay, then.
You impale the 12-headed hydra!!
The 12-headed hydra is heavily wounded.
The 12-headed hydra closely misses you. The 12-headed hydra misses you.
The 12-headed hydra bites you.
You die...

#####################
..#).#§§§§†§§§§§@D.$#
.)##'#§####...§§##$G+
..'..#§# ##.§§## ##
###..§.# ###+#
.##'#### .#.)...#
.#.○○..+ '###.○.#
.'.#○○.#


You could see a 12-headed hydra and a floating eye (fleeing).

Vanquished Creatures
  2 centaur warriors (D)
  Sonja (D)
  A deep troll (D)
  A lindwurm (D)
  An oklob plant (D)
  4 demonic crawlers (D)
  A gargoyle (D)
  2 unseen horrors (D)
  2 kobold demonologists (D)
  A hornet (D)
  A slime creature (D)
  Sigmund (D)
  13 hogs (D)
  A yak (D)
  2 redbacks (D)
  2 floating eyes (D)
  An ogre (D)
  7 necrophages (D)
  8 jellies (D)
  Ijyb (D)
  A ballistomycete spore (D)
54 creatures vanquished.

Vanquished Creatures (others)
  A gargoyle (D)
  A ballistomycete spore (D)
2 creatures vanquished.

Grand Total: 56 creatures vanquished

Notes
Turn   | Place    | Note
-------+----------+-------------------------------------------
     0 | D        | GloriousHammer the Minotaur Berserker began the quest for
                  | the Orb.
     0 | D        | Reached XP level 1. HP: 19/19 MP: 0/0
     4 | D        | Noticed Ijyb
     9 | D        | Killed Ijyb
    10 | D        | Reached XP level 2. HP: 2/28 MP: 1/1
   331 | D        | Noticed an ogre
   333 | D        | Killed an ogre
   334 | D        | Reached skill level 5 in Armour
   334 | D        | Reached XP level 3. HP: 37/37 MP: 2/2
   334 | D        | Reached XP level 4. HP: 44/44 MP: 3/3
   360 | D        | Noticed Sigmund
   375 | D        | Killed Sigmund
   375 | D        | Reached ** piety under Trog
   376 | D        | Reached XP level 5. HP: 11/52 MP: 4/4
   633 | D        | Found a shimmering blue altar of Sif Muna.
   634 | D        | Found an ornate altar of the Wu Jian Council.
   635 | D        | Found a radiant altar of Vehumet.
   640 | D        | Reached XP level 6. HP: 48/60 MP: 5/5
   655 | D        | Killed a gargoyle
   664 | D        | Found Mil Maehiddo's Distillery.
   664 | D        | Found an ancient bone altar of Kikubaaqudgha.
   664 | D        | Found a hazy altar of Hepliaklqana.
   664 | D        | Found a hide-covered altar of Uskayaw.
   664 | D        | Found a basalt altar of Yredelemnul.
   664 | D        | Found an opulent altar of Gozag.
   664 | D        | Found a snail-covered altar of Cheibriados.
   664 | D        | Found a sacrificial altar of Ru.
   664 | D        | Found a shadowy altar of Dithmenos.
   664 | D        | Noticed a yak
   674 | D        | Killed a yak
   675 | D        | Reached skill level 10 in Maces & Flails
   675 | D        | Found a stormy altar of Qazlal.
   675 | D        | Found a blossoming altar of Fedhas.
   675 | D        | Found a bloodstained altar of Trog.
   675 | D        | Found an iron altar of Okawaru.
   675 | D        | Found a glowing golden altar of the Shining One.
   675 | D        | Found a glowing silver altar of Zin.
   675 | D        | Found a white marble altar of Elyvilon.
   676 | D        | Found a sparkling altar of Nemelex Xobeh.
   680 | D        | Bought a potion of heal wounds for 65 gold pieces
   680 | D        | Bought a potion of lignification for 39 gold pieces
   812 | D        | Noticed Sonja
   822 | D        | Killed Sonja
   822 | D        | Reached *** piety under Trog
   823 | D        | Reached skill level 5 in Evocations
   823 | D        | Reached XP level 7. HP: 18/70 MP: 6/6
  1091 | D        | Found Ifawno's Weapon Boutique.
  1149 | D        | Found a burning altar of Makhleb.
  1149 | D        | Found a viscous altar of Jiyva.
  1149 | D        | Found a shimmering altar of Xom.
  1149 | D        | Found a corrupted altar of Lugonu.
  1149 | D        | Noticed a slime creature
  1161 | D        | Killed a slime creature
  1162 | D        | Reached XP level 8. HP: 37/79 MP: 7/7
  1398 | D        | Noticed a deep troll
  1408 | D        | Killed a deep troll
  1409 | D        | Reached skill level 10 in Fighting
  1409 | D        | Reached skill level 10 in Armour
  1474 | D        | Found Nuygepneur's Armour Emporium.
  1482 | D        | Bought a +2 scale mail of willpower for 273 gold pieces
  1482 | D        | Bought a +1 pair of boots of flying for 214 gold pieces
  1543 | D        | Noticed a kobold demonologist
  1543 | D        | Noticed a kobold demonologist
  1544 | D        | Noticed a smoke demon
  1545 | D        | Noticed an ice devil
  1557 | D        | Noticed a smoke demon
  1560 | D        | Killed a kobold demonologist
  1560 | D        | Reached **** piety under Trog
  1561 | D        | Reached XP level 9. HP: 58/89 MP: 8/8
  1562 | D        | Killed a kobold demonologist
  1563 | D        | Reached skill level 10 in Dodging
  1869 | D        | Noticed a centaur warrior
  1869 | D        | Noticed a centaur warrior
  2201 | D        | Killed a centaur warrior
  2201 | D        | Reached ***** piety under Trog
  2212 | D        | Killed a centaur warrior
  2600 | D        | Noticed an oklob plant
  2609 | D        | Killed an oklob plant
  2609 | D        | Received a gift from Trog
  2610 | D        | Reached XP level 10. HP: 89/101 MP: 9/9
  2980 | D        | Reached ****** piety under Trog
  2981 | D        | Reached skill level 10 in Evocations
  2999 | D        | Received a gift from Trog
  3032 | D        | Found Mojiwi's Weapon Shoppe.
  3032 | D        | Found Roram's Book Shop.
  3032 | D        | Found Ysisa's Magic Scroll Boutique.
  3034 | D        | Found Kopoat's Book Emporium.
  3034 | D        | Found Zotimypn's Antique Weapon Shop.
  3034 | D        | Found Luom's General Store.
  3034 | D        | Found Ynorr's Antique Weapon Boutique.
  3034 | D        | Found Qesmushe's Assorted Antiques.
  3034 | D        | Found Nituxiru's Magic Scroll Shop.
  3034 | D        | Found Rudu's Armour Shoppe.
  3038 | D        | Found Bichefun's Book Boutique.
  3039 | D        | Found Iseyschosk's Antique Weapon Emporium.
  3039 | D        | Found Nauq Jotro's Jewellery Boutique.
  3040 | D        | Found Faowex's Weapon Emporium.
  3043 | D        | Bought a scroll labelled PUZAUDD LOPS for 22 gold pieces
  3043 | D        | Bought a scroll labelled FEF RATOKAORCH for 22 gold pieces
  3044 | D        | Bought a scroll of acquirement for 520 gold pieces
  3044 | D        | Acquired a +3 morningstar of holy wrath
  3045 | D        | Acquired the +2 crystal plate armour of the Raven {-Tele
                  | Str+3 Int+2 Dex+8}
  3060 | D        | Bought a scroll of identify for 20 gold pieces
  3060 | D        | Bought a scroll of identify for 20 gold pieces
  3082 | D        | Bought a scroll of enchant weapon for 105 gold pieces
  3082 | D        | Bought a scroll of enchant weapon for 105 gold pieces
  3090 | D        | Bought a scroll of summoning for 95 gold pieces
  3090 | D        | Bought a scroll of enchant weapon for 75 gold pieces
  3090 | D        | Bought a scroll of fear for 40 gold pieces
  3097 | D        | Bought a scroll of identify for 28 gold pieces
  3174 | D        | Noticed a demonic crawler
  3174 | D        | Noticed a demonic crawler
  3174 | D        | Noticed a demonic crawler
  3174 | D        | Noticed a demonic crawler
  3175 | D        | Killed a demonic crawler
  3178 | D        | Killed a demonic crawler
  3181 | D        | Killed a demonic crawler
  3186 | D        | Killed a demonic crawler
  3186 | D        | Received a gift from Trog
  3345 | D        | Noticed a gargoyle
  3358 | D        | Killed a gargoyle
  3450 | D        | Noticed a lindwurm
  3456 | D        | Killed a lindwurm
  3457 | D        | Reached skill level 15 in Fighting
  3473 | D        | Reached XP level 11. HP: 107/112 MP: 10/10
  3475 | D        | Reached skill level 15 in Armour
  3485 | D        | Received a gift from Trog
  3506 | D        | Noticed a 12-headed hydra
  3508 | D        | Paralysed by a floating eye for 3 turns
  3512 | D        | HP: 1/114 [12-headed hydra (12)]
  3513 | D        | Slain by a 12-headed hydra

Illustrated notes

Levels and vault maps discovered:
D:        dungeon_sprint_1 [red_sonja_temple_1, red_sonja_temple_small_1]

Skill      XL: |  1  2  3  4  5  6  7  8  9 10 11 |
---------------+----------------------------------+-----
Fighting       | 4 6 7 9 11 13 15 | 15.7
Maces & Flails | 4 6 9 12 14 | 14.0
Armour         | 4 5 6 7 9 10 12 14 15 | 15.5
Dodging        | 3 4 6 8 9 11 13 14 | 14.2
Evocations     | 2 3 5 6 7 9 11 | 11.6

Action                     |  1- 3 |  4- 6 |  7- 9 | 10-12 || total
---------------------------+-------+-------+-------+-------++-------
  Melee: Mace              |     6 |    29 |    67 |     6 ||   108
         Headbutt          |     3 |     3 |    19 |    17 ||    42
         Punch             |       |       |     1 |     2 ||     3
         Dire flail        |       |       |       |    40 ||    40
         Morningstar       |       |       |       |    54 ||    54
  Throw: Dart              |       |       |       |     1 ||     1
 Invoke: Berserk           |     1 |     1 |     1 |       ||     3
  Evoke: Wand              |       |       |     1 |       ||     1
    Use: Scroll            |       |       |       |    10 ||    10
 Armour: Scale mail        |       |     7 |    25 |    14 ||    46
         Crystal plate arm |       |       |       |    64 ||    64
  Dodge: Dodged            |     2 |    25 |    32 |    67 ||   126

Table legend: (Time is in decaauts)
 A = Elapsed time spent in this place.
 B = Non-inter-level travel time spent in this place.
 C = Inter-level travel time spent in this place.
 D = Time resting spent in this place.
 E = Time spent auto-exploring this place.
 F = Levels seen in this place.
 G = Mean time per level.
                   A        B        C        D        E       F      G
               +--------+--------+--------+--------+--------+-----+--------+
         Total |   3495 |   3362 |    133 |   2599 |      0 |   1 | 3495.0 |
       Dungeon |   3495 |   3362 |    133 |   2599 |      0 |   1 | 3495.0 |
               +--------+--------+--------+--------+--------+-----+--------+

Top non-repeatable levels by time:
       D: 3495 daAuts
